 Dungeon Crawl Stone Soup version 0.19.1 (webtiles) character file.

525 Dfrag the Firebug (level 7, 0/47 HPs)
             Began as a Demonspawn Fire Elementalist on Nov 29, 2016.
             Slain by a crimson imp (2 damage)
             ... on level 5 of the Dungeon.
             The game lasted 00:05:49 (4282 turns).

Dfrag the Firebug (Demonspawn Fire Elementalist)    Turns: 4282, Time: 00:05:49

Health: 0/47       AC:  1    Str:  9      XL:     7   Next: 2%
Magic:  13/13      EV: 12    Int: 17 (18) God:
Gold:   217        SH:  0    Dex: 11 (13) Spells: 2 memorised, 9 levels left

rFire  . . .     SeeInvis .     l - +2 dagger (drain)
rCold  + . .     Gourm    .     a - +0 robe
rNeg   . . .     Faith    .     (no shield)
rPois  .         Spirit   .     t - +0 helmet
rElec  .         Reflect  .     f - +0 cloak
rCorr  .         Harm     .     (no gloves)
MR     .....                    (no boots)
Stlth  +.........               (no amulet)
                                A - ring of protection from cold
                                u - -4 ring of protection (curse)

@: no status effects
A: hooves 2, rugged brown scales 1
a: no special abilities


You were on level 5 of the Dungeon.
You were hungry.

You visited 1 branch of the dungeon, and saw 5 of its levels.

You collected 217 gold pieces.

Inventory:

Hand Weapons
 d - a +0 whip
 l - a +2 dagger of draining (weapon)
Armour
 a - a +0 robe (worn)
 f - a +0 cloak (worn)
 t - a +0 helmet (worn)
Jewellery
 e - an uncursed amulet of faith
 u - a cursed -4 ring of protection (left hand)
 A - a ring of protection from cold (right hand)
Scrolls
 j - a scroll of immolation
 k - a scroll of teleportation
 q - a scroll of amnesia
 w - a scroll of fear
 y - 2 scrolls of fog {unknown}
 B - a scroll of enchant weapon {unknown}
Potions
 g - a potion of cancellation {unknown}
 i - 2 potions of degeneration
 m - a potion of heal wounds
 n - a potion of magic {unknown}
 p - a potion of haste {unknown}
 r - a potion of mutation {unknown}
 s - a potion of lignification {unknown}
 v - a potion of beneficial mutation {unknown}
 x - a potion of brilliance {unknown}
 z - 2 potions of curing {unknown}
Books
 b - a book of Flames

   Spells                             Type                      Level
   a - Flame Tongue                   Conjuration/Fire             1
   b - Throw Flame                    Conjuration/Fire             2
   c - Conjure Flame                  Conjuration/Fire             3
   d - Inner Flame                    Hexes/Fire                   3
   e - Sticky Flame                   Conjuration/Fire             4
   f - Fireball                       Conjuration/Fire             5
Comestibles
 c - 5 bread rations
 h - a meat ration
 o - 3 beef jerkies


   Skills:
 - Level 1.7 Dodging
 - Level 1.7 Stealth
 + Level 4.0 Spellcasting
 + Level 4.2 Conjurations
 + Level 4.9 Fire Magic


You had 9 spell levels left.
You knew the following spells:

 Your Spells              Type           Power        Failure   Level  Hunger
a - Flame Tongue          Conj/Fire      ###..        2%          1    None
d - Sticky Flame          Conj/Fire      ###.....     24%         4    ####...


Dungeon Overview and Level Annotations

Branches:
Dungeon (5/15)
 Temple: D:4-7

Altars:
Elyvilon
Okawaru
Ru
Sif Muna
Uskayaw

Annotations:
D:4 quoriil's ghost, amateur TrMo


Innate Abilities, Weirdness & Mutations

You have hoof-like feet.
You are partially covered in rugged brown scales. (AC +1, +3% HP)


Message History

The crimson imp hits you.
* * * LOW HITPOINT WARNING * * *
You barely miss the crimson imp. Your kick misses the crimson imp.
The crimson imp is lightly wounded.
The crimson imp barely misses you.
You aren't carrying any items that you can evoke.
You hit the crimson imp. Your kick misses the crimson imp.
The crimson imp is moderately wounded.
The crimson imp hits you.
* * * LOW HITPOINT WARNING * * *
You barely miss the crimson imp.
The crimson imp is moderately wounded.
The crimson imp misses you.
You barely miss the crimson imp.
The crimson imp is lightly wounded.
The crimson imp hits you.
* * * LOW HITPOINT WARNING * * *
The crimson imp lashes its tail.
The crimson imp hits you.
You die...

#.##.# ####### ## ..#.#
#.....##.# #.#.#
#.....#..# #.#.#
#.....#..#
#.#.###.....#..#
####.#.........#..# .
###..>....##.....#..#
..#........###........#
#..........#.@.....##.#
........(..#5#.....##.#
...................##.#
##..........#########.#
#.###......# #.# #.
#..#..### #.# # #.###.#
#.# #.###.. #.#
........ #.#


You could see a crimson imp.

Vanquished Creatures
  A sky beast (D:5)
  An ogre (D:4)
  A scorpion (D:5)
  A hound (D:5)
  Jessica (D:2)
  Ijyb (D:2)
  An iguana (D:4)
  A worker ant (D:4)
  Robin (D:3)
  5 adders
  An ooze (D:2)
  3 worms (D:2)
  2 dart slugs
  3 leopard geckos
  An orc (D:3)
  A ball python (D:3)
  8 bats
  17 giant cockroaches
  13 goblins
  12 hobgoblins
  5 kobolds
  A quokka (D:2)
  7 frilled lizards
  9 rats
97 creatures vanquished.

Notes
Turn   | Place    | Note
-------+----------+-------------------------------------------
     0 | D:1      | Dfrag the Demonspawn Fire Elementalist began the quest for the Orb.
     0 | D:1      | Reached XP level 1. HP: 13/13 MP: 3/3
   291 | D:1      | Gained mutation: You have large cloven feet. [demonic ancestry]
   291 | D:1      | Reached XP level 2. HP: 5/19 MP: 0/5
   746 | D:1      | Gained mutation: You have hoof-like feet. [demonic ancestry]
   746 | D:1      | Reached XP level 3. HP: 17/24 MP: 6/6
   942 | D:2      | Noticed Ijyb
   960 | D:2      | Killed Ijyb
  1054 | D:2      | Noticed Jessica
  1060 | D:2      | Killed Jessica
  1060 | D:2      | Gained mutation: You are partially covered in rugged brown scales. (AC +1, +3% HP) [demonic ancestry]
  1060 | D:2      | Reached XP level 4. HP: 16/30 MP: 4/8
  1118 | D:2      | Found a deep blue altar of Sif Muna.
  1132 | D:2      | Found a hide-covered altar of Uskayaw.
  1873 | D:2      | Found an iron altar of Okawaru.
  1887 | D:2      | Found a sacrificial altar of Ru.
  2417 | D:3      | Found a white marble altar of Elyvilon.
  2428 | D:3      | Noticed Robin
  2432 | D:3      | Reached XP level 5. HP: 27/36 MP: 9/9
  2440 | D:3      | Killed Robin
  3176 | D:4      | Noticed an ogre
  3186 | D:4      | Learned a level 4 spell: Sticky Flame
  3195 | D:4      | Killed an ogre
  3195 | D:4      | Reached XP level 6. HP: 42/42 MP: 4/11
  3698 | D:4      | Noticed quoriil's ghost (amateur TrMo)
  3878 | D:5      | Entered Level 5 of the Dungeon
  4132 | D:5      | Noticed a sky beast
  4141 | D:5      | Killed a sky beast
  4141 | D:5      | Reached XP level 7. HP: 35/47 MP: 2/13
  4280 | D:5      | HP: 2/47 [crimson imp (1)]
  4282 | D:5      | Slain by a crimson imp

Skill      XL: |  1  2  3  4  5  6 |
---------------+-------------------+-----
Fire Magic     | 3 4 |  4.9
Conjurations   | 2 3 4 |  4.2
Spellcasting   | 3 4 |  4.0
Dodging        | |  1.7
Stealth        | |  1.7

Action                   |  1- 3 |  4- 6 |  7- 9 || total
-------------------------+-------+-------+-------++-------
Melee: Whip              |    93 |     3 |       ||    96
       Unarmed           |     5 |       |       ||     5
       Kick              |     8 |    22 |     3 ||    33
       Dagger            |       |   151 |    35 ||   186
 Cast: Flame Tongue      |    19 |    38 |       ||    57
       Sticky Flame      |       |     4 |       ||     4
  Use: Scroll            |       |     4 |       ||     4
       Potion            |       |     2 |       ||     2
 Stab: Sleeping          |     2 |     3 |       ||     5
  Eat: Chunk             |     1 |    11 |       ||    12
Armor: Robe              |    31 |    62 |     1 ||    94
Dodge: Dodged            |    94 |   132 |    16 ||   242
